 Dungeon Crawl Stone Soup version 0.28.0-45-g0d030f2227 (webtiles) character file.

Game seed: 5973777171903006934

71 NinjaNoafa the Gusty (level 4, -1/52 HPs)
             Began as a Draconian Air Elementalist on Apr 7, 2022.
             Was an Initiate of Makhleb.
             Slain by a goblin
             ... wielding a +0 club
             ... led by Robin
              (3 damage)
             ... on level 2 of the Dungeon.
             The game lasted 00:05:34 (2169 turns).

NinjaNoafa the Gusty (Draconian Air Elementalist)   Turns: 2169, Time: 00:05:35

Health: -1/52      AC: 22    Str: 11    XL:     4   Next: 5%
Magic:  0/8        EV:  2    Int: 17    God:    Makhleb [......]
Gold:   133        SH:  0    Dex: 11    Spells: 6/7 levels left

rFire   . . .      SeeInvis .   e - +0 whip
rCold   . . .      Faith    +   (no shield)
rNeg    . . .      Spirit   .   (armour unavailable)
rPois   +          Reflect  .   (helmet currently unavailable)
rElec   .          Harm     .   (cloak currently unavailable)
rCorr   .          Rampage  .   (gloves currently unavailable)
Will    .....      NoTele   +   (boots currently unavailable)
Stlth   ++........              b - amulet of faith
HPRegen 0.00/turn               (no ring)
MPRegen 0.11/turn               (no ring)

@: tree-form, inhibited regen
A: stationary, stasis, torment immunity, boosted hp, AC +5, unfitting armour,
(cold-blooded), (hooves 1), high MP 1, inhibited regeneration
a: Renounce Religion


You were on level 2 of the Dungeon.
You worshipped Makhleb.
Makhleb was noncommittal.
You were a tree.
You visited 1 branch of the dungeon, and saw 2 of its levels.

You collected 133 gold pieces.

Inventory:

Hand Weapons
 e - a +0 whip (weapon)
Missiles
 a - 5 javelins (quivered)
 g - 2 poisoned darts
 h - 40 stones
Jewellery
 b - an amulet of faith (around neck)
Scrolls
 d - a scroll of identify
 i - a scroll of silence


   Skills:
 + Level 1.3 Fighting
 + Level 2.1 Dodging
 * Level 2.8 Stealth
 + Level 2.2 Spellcasting
 + Level 1.5 Conjurations
 + Level 3.3 Air Magic


You had 6 spell levels left.
You knew the following spells:

 Your Spells              Type           Power      Damage    Failure   Level
a - Shock                 Conj/Air       40%        1d5       7%          1

Your spell library contained the following spells:

 Spells                   Type           Power      Damage    Failure   Level
 Static Discharge         Conj/Air       10%        N/A       11%         2
 Swiftness                Air            13%        N/A       14%         3
 Airstrike                Air            6%         N/A       43%         4


Dungeon Overview and Level Annotations

Branches:
Dungeon (2/15)

Altars:
Makhleb


Innate Abilities, Weirdness & Mutations

You are a tree.
Your roots penetrate the ground, keeping you stationary.
You cannot be teleported.
You are immune to unholy pain and torment.
Your maximum health is greatly increased.
Your equipment is partially melded.
((Your plain brown scales are hard. (AC +5)))
You cannot fit into any form of body armour.
((You are cold-blooded and may be slowed by cold attacks.))
((You have large cloven feet.))
You have an increased reservoir of magic. (+10% MP)
You do not regenerate when monsters are visible.


Message History

An ogre comes into view. It is wielding a +0 giant club.
The hobgoblin hits you but does no damage.
The goblin hits you but does no damage. x4
You barely miss the goblin.
The goblin is moderately wounded.
The hobgoblin hits you.
* * * LOW HITPOINT WARNING * * *
The goblin hits you but does no damage. x4
You barely miss the goblin.
The goblin is moderately wounded.
The goblin no longer looks unusually strong.
Something unseen opens the door.
The hobgoblin hits you but does no damage.
The goblin hits you but does no damage. x4
Casting: Shock (safe; 7% risk of failure)
Confirm with . or Enter, or press ? or * to list all spells.
Aiming: Shock (safe; 7% risk of failure)
Press: ? - help, Shift-Dir - straight line, f - hobgoblin
Aim: a hobgoblin (68% to hit)
The zap hits the hobgoblin.
The hobgoblin is moderately wounded.
The hobgoblin hits you but does no damage.
The goblin hits you but does no damage. The goblin barely misses you.
The goblin hits you but does no damage. x2
There are monsters nearby!
The hobgoblin hits you but does no damage.
The goblin hits you with a +0 club.
* * * LOW HITPOINT WARNING * * *
The goblin hits you but does no damage. The goblin hits you with a +0 club.
* * * LOW HITPOINT WARNING * * *
The goblin hits you but does no damage.
The ogre shouts!
The hobgoblin hits you but does no damage.
The goblin completely misses you.
The goblin hits you but does no damage. x3
The hobgoblin barely misses you.
The goblin hits you but does no damage. x2
The goblin barely misses you. The goblin hits you but does no damage.
The goblin no longer looks unusually strong.
The hobgoblin hits you but does no damage.
The goblin hits you but does no damage. x2; The goblin hits you with a +0 club.
You die...

...## #.#.#... #.....$. #
#.#. #.#.#.########.#+#...
..#...###.#..............#...
........#.#.#'####.....#.....
.............<........#.##..
.
...........†.......)..#.#...
....###......)..........#.#.#
........÷...gOg÷........#.#.#
.#.###......#♣g.........#.#.#
#.#.#..g)g...#'#.......#
...#........#.#.#...#.####
.....'..........#.#.........
#.....#.......####.#.#.......
#
#J#...'......................
.#
#.#.###.......#########....).
.# #.......+............## .#
#########....##


You could see an ogre, a hobgoblin and 4 goblins.

Vanquished Creatures
  Robin (D:2)
  2 adders (D:2)
  4 endoplasms
  A giant cockroach (D:2)
  9 goblins
  4 hobgoblins (D:2)
  2 quokkas
  9 ball pythons
  A bat (D:2)
  4 kobolds
  A rat (D:1)
38 creatures vanquished.

Notes
Turn   | Place    | Note
-------+----------+-------------------------------------------
     0 | D:1      | NinjaNoafa the Draconian Air Elementalist began the quest
                  | for the Orb.
     0 | D:1      | Reached XP level 1. HP: 14/14 MP: 3/3
   590 | D:1      | Reached XP level 2. HP: 22/22 MP: 1/5
  1541 | D:2      | Reached XP level 3. HP: 18/27 MP: 3/6
  1781 | D:2      | Found a burning altar of Makhleb.
  1789 | D:2      | Became a worshipper of Makhleb the Destroyer
  1878 | D:2      | Reached skill level 1 in Fighting
  1939 | D:2      | Noticed Robin
  2138 | D:2      | Gained mutation: You have an increased reservoir of magic.
                  | (+10% MP) [potion of mutation]
  2138 | D:2      | Gained mutation: You do not regenerate when monsters are
                  | visible. [potion of mutation]
  2138 | D:2      | Gained mutation: You have large cloven feet. [potion of
                  | mutation]
  2158 | D:2      | Killed Robin
  2159 | D:2      | Reached XP level 4. HP: 13/35 MP: 0/8
  2162 | D:2      | Noticed an ogre
  2166 | D:2      | HP: 2/52 [goblin/+0 club[Robin] (2)]
  2169 | D:2      | Slain by a goblin

Illustrated notes

Levels and vault maps discovered:
D:1:      minmay_arrival_wavy_path, layout_basic
D:2:      layout_basic, basic_altar, minmay_split_cup_small, uniq_robin

Skill      XL: |  1  2  3 |
---------------+----------+-----
Stealth        | 2 |  2.8
Dodging        | 2 |  2.1
Fighting       | 1 |  1.3
Spellcasting   | |  2.2
Conjurations   | |  1.5
Air Magic      | |  3.3

Action                   |  1- 3 |  4- 6 || total
-------------------------+-------+-------++-------
Melee: Whip              |    41 |     5 ||    46
       Tailslap          |     2 |       ||     2
Throw: Javelin           |     4 |       ||     4
 Cast: Shock             |    63 |     1 ||    64
  Use: Potion            |     4 |       ||     4
       Scroll            |       |     1 ||     1
Armor: Skin              |   119 |    47 ||   166
Dodge: Dodged            |    68 |     6 ||    74
